[ AOE2 MATCH · #504657411 ]
UnrankedSicilians vs Persians
Player's team · WIN
Rival team · LOSS
[ REPLAY ANALYSIS · EXTRACTED FROM THE RECORDED GAME ]
Feudal
8:47
Castle
—
Imperial
—
| APM avg | 57.1 |
| APM peak | 83 |
| eAPM avg | 21.1 |
| Villagers / military | 17 / 16 |
Focus
⚔️ 27.0% · 🌾 73.0%
Serjeant ×10 · Archer ×6
Feudal
—
Castle
—
Imperial
—
| APM avg | 53.2 |
| APM peak | 85 |
| eAPM avg | 18.8 |
| Villagers / military | 35 / 0 |
Focus
⚔️ 26.3% · 🌾 73.7%
Match map
Initial resources + every placement click. Lines = walls · curves = elevation contours. ◆ gold · ⬟ stone · ● berries · ✦ relic · ◌ wall gap
Your base· Open — unwalled flank
买女孩的小火柴's base· Open — unwalled flank
Smoothed initial terrain · ◌ = detected wall gap · hover for details
Inputs per minute
— FMarcoss - - 买女孩的小火柴
Build order — FMarcoss
54 actions detected in the replay
| 0:01 | Queue | Villager (Male) |
| 0:07 | Queue | Villager (Male) |
| 0:15 | Queue | Villager (Male) |
| 0:23 | Queue | Villager (Male) |
| 1:19 | Queue | Villager (Male) |
| 1:45 | Build | House |
| 2:03 | Queue | Villager (Male) |
| 2:04 | Queue | Villager (Male) |
| 2:21 | Build | Lumber Camp |
| 2:42 | Queue | Villager (Male) |
| 2:42 | Queue | Villager (Male) |
| 2:43 | Queue | Villager (Male) |
| 2:55 | Queue | Villager (Male) |
| 2:55 | Queue | Villager (Male) |
| 3:29 | Queue | Villager (Male) |
| 3:43 | Build | House |
| 3:44 | Build | Palisade Wall |
| 3:48 | Queue | Villager (Male) |
| 4:29 | Queue | Villager (Male) |
| 5:01 | Queue | Villager (Male) |
| 5:12 | Build | Mill |
| 5:27 | Queue | Villager (Male) |
| 5:36 | Research | Loom |
| 6:37 | Research | Feudal Age |
| 6:37 | Research | Feudal Age |
| 7:46 | Build | Donjon |
| 7:51 | Build | Mining Camp |
| 8:34 | Build | House |
| 8:47 | Age | Feudal Age |
| 9:11 | Build | House |
| 9:17 | Queue | Serjeant |
| 9:17 | Queue | Serjeant |
| 9:17 | Queue | Serjeant |
| 9:18 | Queue | Serjeant |
| 9:47 | Build | House |
| 10:13 | Build | House |
| 10:18 | Queue | Serjeant |
| 10:41 | Queue | Serjeant |
| 10:56 | Queue | Serjeant |
| 11:11 | Queue | Serjeant |
| 11:20 | Build | Archery Range |
| 12:01 | Queue | Archer |
| 12:03 | Queue | Archer |
| 12:14 | Build | Farm |
| 12:39 | Queue | Archer |
| 12:45 | Build | House |
| 13:29 | Queue | Archer |
| 13:57 | Queue | Serjeant |
| 14:49 | Queue | Archer |
| 15:08 | Queue | Archer |
| 15:12 | Build | Town Center |
| 15:16 | Research | Double-Bit Axe |
| 15:17 | Research | Double-Bit Axe |
| 15:20 | Queue | Serjeant |
Build order — 买女孩的小火柴
56 actions detected in the replay
| 0:01 | Queue | Villager (Male) |
| 0:01 | Queue | Villager (Male) |
| 0:02 | Build | House |
| 0:03 | Build | House |
| 0:19 | Queue | Villager (Male) |
| 0:19 | Queue | Villager (Male) |
| 0:25 | Queue | Villager (Male) |
| 1:28 | Queue | Villager (Male) |
| 1:39 | Build | Lumber Camp |
| 1:53 | Queue | Villager (Male) |
| 2:21 | Queue | Villager (Male) |
| 2:21 | Queue | Villager (Male) |
| 2:45 | Queue | Villager (Male) |
| 2:58 | Queue | Villager (Male) |
| 2:58 | Queue | Villager (Male) |
| 3:18 | Research | Loom |
| 4:11 | Queue | Villager (Male) |
| 4:38 | Queue | Villager (Male) |
| 5:10 | Queue | Villager (Male) |
| 5:24 | Build | House |
| 5:34 | Queue | Villager (Male) |
| 5:56 | Build | Town Center |
| 6:16 | Build | House |
| 6:49 | Queue | Villager (Male) |
| 7:42 | Build | Mill |
| 8:59 | Queue | Villager (Male) |
| 9:20 | Queue | Villager (Male) |
| 9:34 | Build | Farm |
| 9:39 | Build | Farm |
| 9:56 | Queue | Villager (Male) |
| 10:02 | Build | Farm |
| 10:06 | Build | Farm |
| 10:22 | Queue | Villager (Male) |
| 10:45 | Queue | Villager (Male) |
| 10:59 | Queue | Villager (Male) |
| 11:24 | Build | Lumber Camp |
| 11:29 | Build | Farm |
| 11:34 | Build | Palisade Wall |
| 11:34 | Queue | Villager (Male) |
| 11:37 | Build | House |
| 11:38 | Build | House |
| 11:52 | Build | House |
| 11:57 | Build | House |
| 11:59 | Queue | Villager (Male) |
| 12:27 | Build | Farm |
| 12:27 | Queue | Villager (Male) |
| 12:37 | Queue | Villager (Male) |
| 12:43 | Queue | Villager (Male) |
| 12:57 | Queue | Villager (Male) |
| 12:58 | Queue | Villager (Male) |
| 14:04 | Queue | Villager (Male) |
| 14:22 | Queue | Villager (Male) |
| 14:52 | Queue | Villager (Male) |
| 15:07 | Build | House |
| 15:16 | Queue | Villager (Male) |
| 15:41 | Queue | Villager (Male) |
Match timeline
| 3:44 | FMarcoss · wall_segment Palisade Wall x1 |
| 7:46 | FMarcoss · first_building Donjon |
| 8:47 | FMarcoss · age_up feudal |
| 11:20 | FMarcoss · first_building Archery Range |
| 11:34 | 买女孩的小火柴 · wall_segment Palisade Wall x1 |
| 15:59 | 买女孩的小火柴 · resign |
[ AI ANALYSIS · 1 CREDIT ]
What really happened in this match?
Wolo.gg analyzes every decision: build order, eco, micro, common mistakes by bracket. Personalized analysis on WhatsApp or Discord in 30 seconds.
Civ guide
Sicilians
Perfil
Jugador #26052104